 Dungeon Crawl Stone Soup version 0.20.1-1-g8b1a95d (webtiles) character file.

807 Schiappus the Chopper (level 7, -4/70 HPs)
             Began as a Troll Berserker on Nov 4, 2017.
             Was an Elder of Trog.
             Slain by a centaur (7 damage)
             ... on level 5 of the Dungeon.
             The game lasted 00:14:09 (3651 turns).

Schiappus the Chopper (Troll Berserker)             Turns: 3651, Time: 00:14:10

Health: -4/70      AC:  5    Str: 30    XL:     7   Next: 60%
Magic:  6/6        EV: 11    Int:  4    God:    Trog [****..]
Gold:   385        SH:  0    Dex: 10    Spells: 6/6 levels left

rFire    . . .     SeeInvis .   a - +0 hand axe
rCold    . . .     Gourm    +   (no shield)
rNeg     . . .     Faith    .   m - +0 robe
rPois    .         Spirit   .   (helmet restricted)
rElec    .         Reflect  .   (no cloak)
rCorr    .         Harm     .   (gloves unavailable)
MR       .....                  (boots unavailable)
Stlth    +.........             (no amulet)
Regen    0.7/turn               g - +2 ring of strength
MPRegen  0.1/turn               (no ring)

@: lethally poisoned (-4 -> -5)
A: unfitting armour, antennae 1, claws 3, fast metabolism 3, gourmand,
regeneration 1, shaggy fur 1, strong 1, tough skin 2
a: Berserk, Trog's Hand, Brothers in Arms, Burn Spellbooks, Renounce Religion


You were on level 5 of the Dungeon.
You worshipped Trog.
Trog was greatly pleased with you.
You were not hungry.

You visited 1 branch of the dungeon, and saw 5 of its levels.

You collected 385 gold pieces.

Inventory:

Hand Weapons
 a - a +0 hand axe (weapon)
Armour
 m - a +0 robe (worn)
Jewellery
 g - a +2 ring of strength (left claw)
Wands
 j - a wand of digging (13/24)
Scrolls
 d - 2 scrolls of identify
 e - a scroll of recharging
 h - 2 scrolls of magic mapping
 k - a scroll of teleportation
 l - a scroll of remove curse
Potions
 n - 3 potions of curing
 o - 2 potions of magic
 p - a potion of might {unknown}
 q - a potion of invisibility {unknown}
Comestibles
 b - 4 fruits
 c - 5 bread rations
 f - a meat ration
 i - 4 royal jellies


   Skills:
 + Level 4.2 Fighting
 + Level 5.4 Axes
 + Level 4.2 Dodging
 + Level 0.6 Stealth


You had 6 spell levels left.
You didn't know any spells.

Dungeon Overview and Level Annotations

Branches:
Dungeon (5/15)             Temple (0/1) D:5

Altars:
Trog


Innate Abilities, Weirdness & Mutations

You are too large for most types of armour.
You have claws for hands.
Your metabolism is lightning-fast.
You like to eat raw meat.
Your natural rate of healing is unusually fast.
You are covered in fur. (AC +1)
You have very tough skin. (AC +2)
You have a pair of small antennae on your head.
Your muscles are strong. (Str +2)


Message History

* * * LOW HITPOINT WARNING * * *
You closely miss the centaur.
The centaur is moderately wounded.
The centaur hits you.
* * * LOW HITPOINT WARNING * * *
The centaur hits you.
* * * LOW HITPOINT WARNING * * *
You slash the centaur!
The centaur is almost dead.
The centaur hits you.
* * * LOW HITPOINT WARNING * * *
The centaur hits you.
* * * LOW HITPOINT WARNING * * *
You hit the centaur.
The centaur is almost dead.
You feel sick. The centaur closely misses you.
You hit the centaur.
The centaur is almost dead.
The centaur hits you!
You die...

# #.........# ..#
#########.# # # ###.#
#.# #. #...#.# #.# ..
#.#.#.# #.# ###.#.#.#.#
#.# ........#.# #.#
###.......###########.#
......⌠@.(............#
####...c..#############
....⌠.>.⌠.# .##......##
#...⌠..# ##.....#
###...# #..##


You could see a centaur.

Vanquished Creatures
  Grinder (D:4)
  A phantom (D:5)
  A centaur (D:4)
  A bullfrog zombie (D:5)
  A howler monkey (D:4)
  A hound (D:4)
  An orc priest (D:4)
  2 orc wizards
  2 worker ants
  4 gnolls (D:2)
  4 adders
  2 worms
  5 leopard geckos
  11 orcs
  A ball python (D:4)
  9 bats
  7 giant cockroaches
  8 goblins
  14 hobgoblins
  7 jackals (D:2)
  8 kobolds
  2 quokkas
  8 frilled lizards
  2 jackal skeletons (D:4)
  A quokka skeleton (D:5)
  7 rats
  16 fungi (D:3)
127 creatures vanquished.

Notes
Turn   | Place    | Note
-------+----------+-------------------------------------------
     0 | D:1      | Schiappus the Troll Berserker began the quest for the Orb.
     0 | D:1      | Reached XP level 1. HP: 22/22 MP: 0/0
   406 | D:1      | Reached XP level 2. HP: 28/29 MP: 1/1
   603 | D:1      | Reached ** piety under Trog
   767 | D:1      | Gained mutation: You have a pair of small antennae on your head. [potion of mutation]
   767 | D:1      | Gained mutation: Your muscles are strong. (Str +2) [potion of mutation]
   799 | D:2      | Reached XP level 3. HP: 36/36 MP: 2/2
   834 | D:2      | Reached skill level 3 in Axes
   958 | D:2      | Found a bloodstained altar of Trog.
  1097 | D:2      | Reached XP level 4. HP: 40/45 MP: 3/3
  1554 | D:3      | Reached *** piety under Trog
  1605 | D:3      | Reached XP level 5. HP: 41/53 MP: 4/4
  2200 | D:3      | Reached skill level 4 in Axes
  2521 | D:4      | Noticed Grinder
  2532 | D:4      | Reached XP level 6. HP: 61/61 MP: 5/5
  2544 | D:4      | Paralysed by Grinder for 4 turns
  2558 | D:4      | Paralysed by Grinder for 2 turns
  2565 | D:4      | Paralysed by Grinder for 4 turns
  2844 | D:4      | Reached **** piety under Trog
  2863 | D:4      | Paralysed by Grinder for 2 turns
  2871 | D:4      | Killed Grinder
  2871 | D:4      | Reached XP level 7. HP: 25/68 MP: 6/6
  3041 | D:4      | Reached skill level 5 in Axes
  3371 | D:5      | Entered Level 5 of the Dungeon
  3632 | D:5      | Found a staircase to the Ecumenical Temple.
  3649 | D:5      | HP: 2/70 [centaur (3)]
  3651 | D:5      | Slain by a centaur

Skill      XL: |  1  2  3  4  5  6  7 |
---------------+----------------------+-----
Fighting       | 3 4 |  4.2
Axes           | 3 4 5 |  5.4
Dodging        | 3 4 |  4.2
Stealth        | |  0.6

Action                   |  1- 3 |  4- 6 |  7- 9 || total
-------------------------+-------+-------+-------++-------
Melee: Hand axe          |   101 |   300 |    94 ||   495
Invok: Berserk           |       |     3 |       ||     3
  Use: Scroll            |     3 |     6 |     1 ||    10
       Potion            |     2 |     4 |       ||     6
  Eat: Chunk             |    16 |    15 |     5 ||    36
Armor: Animal skin       |    75 |    24 |       ||    99
       Robe              |       |    44 |    24 ||    68
Dodge: Dodged            |    88 |   136 |    48 ||   272
